 Dungeon Crawl Stone Soup version 0.21-a0-531-gacddea6 (webtiles) character file.

703 Amnesiac the Chucker (level 7, -3/71 HPs)
             Began as an Ogre Arcane Marksman on Dec 12, 2017.
             Hit by a tomahawk thrown by an orc warrior (5 damage)
             ... on level 5 of the Dungeon.
             The game lasted 00:09:10 (4055 turns).

Amnesiac the Chucker (Ogre Arcane Marksman)         Turns: 4055, Time: 00:09:11

Health: -3/71      AC:  4    Str: 15      XL:     7   Next: 66%
Magic:  11/12      EV: 10    Int: 15      God:
Gold:   139        SH:  0    Dex:  9 (10) Spells: 6/13 levels left

rFire    . . .     SeeInvis .   a - +0 hunting sling
rCold    . . .     Gourm    .   (no shield)
rNeg     . . .     Faith    .   e - +0 robe
rPois    .         Spirit   .   q - +1 hat
rElec    .         Reflect  .   (no cloak)
rCorr    .         Harm     .   (gloves unavailable)
MR       .....                  (boots unavailable)
Stlth    +.........             (no amulet)
HPRegen  0.21/turn              (no ring)
MPRegen  0.13/turn              (no ring)

@: no status effects
A: large, unfitting armour, tough skin 1
a: no special abilities


You were on level 5 of the Dungeon.
You were near starving.

You visited 1 branch of the dungeon, and saw 5 of its levels.

You collected 139 gold pieces.

Inventory:

Hand Weapons
 a - a +0 hunting sling (weapon)
 b - a +0 spear
Missiles
 c - 4 large rocks
 d - 2 throwing nets
 n - 108 stones
 z - 15 sling bullets
 B - a tomahawk (quivered)
 C - 12 poisoned needles
Armour
 e - a +0 robe (worn)
 q - a +1 hat (worn)
Wands
 h - a wand of paralysis (10)
 s - a wand of flame (65)
Scrolls
 g - a scroll of immolation {!r, unknown}
 i - a scroll of blinking {!r, unknown}
 j - 2 scrolls of enchant weapon {!r, unknown}
 l - 4 scrolls of teleportation {!r, unknown}
 m - 3 scrolls of magic mapping {!r, unknown}
 o - 7 scrolls of identify {!r, unknown}
 x - a scroll of noise {!r, unknown}
 y - a scroll of fear {!r, unknown}
Potions
 p - a potion of curing {!q, unknown}
 t - 2 potions of heal wounds {!q, unknown}
 u - 2 potions of agility {!q, unknown}
 w - a potion of resistance {!q, unknown}
 A - a potion of magic {!q, unknown}
 D - 2 potions of mutation {!q, unknown}
 E - a potion of degeneration {!q, unknown}
Books
 k - a book of Debilitation

   Spells                             Type                      Level
   a - Corona                         Hexes                        1
   b - Slow                           Hexes                        2
   c - Inner Flame                    Hexes/Fire                   3
   d - Portal Projectile              Hexes/Translocation          3
   e - Cause Fear                     Hexes                        4
   f - Leda's Liquefaction            Hexes/Earth                  4
Comestibles
 f - 4 bread rations
 r - 8 fruits
 v - 5 royal jellies
 F - 3 meat rations


   Skills:
 + Level 4.7 Fighting
 * Level 5.5 Throwing
 - Level 1.7 Dodging
 + Level 3.9 Spellcasting
 + Level 4.2 Hexes


You had 6 spell levels left.
You knew the following spells:

 Your Spells              Type           Power        Failure   Level  Hunger
a - Corona                Hex            ###....      3%          1    None
b - Cause Fear            Hex            ###.......   30%         4    ####...
e - Slow                  Hex            ###.....     4%          2    ##.....


Dungeon Overview and Level Annotations

Branches:
Dungeon (5/15)
 Temple: D:4-7

Altars:
Ashenzari
Qazlal
Uskayaw
Wu Jian
Yredelemnul

Annotations:
D:4 exclusions: 3 doors and goblin


Innate Abilities, Weirdness & Mutations

You are too large for most types of armour.
You have tough skin. (AC +1)


Message History

A howler monkey is nearby!
Casting: Corona
Confirm with . or Enter, or press ? or * to list all spells.
Aiming: Corona
Press: ? - help, Shift-Dir - straight line, f - howler monkey
Aim: a howler monkey (chance to defeat MR: 61%)
The howler monkey is outlined in light.
Throwing (i - inventory. (,) - cycle):
B - 8 tomahawks (quivered)
Press: ? - help, Shift-Dir - straight line, f/p - howler monkey
Aim: a howler monkey (softly glowing)
You throw a tomahawk.
The tomahawk barely misses the howler monkey.
You hear a shout!
The howler monkey hoots and howls with incredible vigour!
You hear a shout!
You hear an angry hiss.
Throwing (i - inventory. (,) - cycle):
B - 7 tomahawks (quivered)
Press: ? - help, Shift-Dir - straight line, f/p - howler monkey
Aim: a howler monkey (softly glowing, catching its breath)
You throw a tomahawk.
The tomahawk hits the howler monkey but does no damage.
Throwing (i - inventory. (,) - cycle):
B - 6 tomahawks (quivered)
Press: ? - help, Shift-Dir - straight line, f/p - howler monkey
Aim: a howler monkey (softly glowing, catching its breath)
You throw a tomahawk. The tomahawk hits the howler monkey.
The howler monkey is moderately wounded.
Throwing (i - inventory. (,) - cycle):
B - 5 tomahawks (quivered)
Press: ? - help, Shift-Dir - straight line, f/p - howler monkey
Aim: a howler monkey (moderately wounded, softly glowing)
You throw a tomahawk.
The tomahawk completely misses the howler monkey.
An orc warrior comes into view. It is wielding a flail.
Throwing (i - inventory. (,) - cycle):
B - 4 tomahawks (quivered)
Press: ? - help, Shift-Dir - straight line, f/p - howler monkey
Aim: a howler monkey (moderately wounded, softly glowing)
You throw a tomahawk. The tomahawk hits the howler monkey.
The howler monkey is moderately wounded.
The howler monkey hits you.
* * * LOW HITPOINT WARNING * * *
An orc wizard comes into view. It is wielding an enchanted dagger.
Throwing (i - inventory. (,) - cycle):
B - 3 tomahawks (quivered)
Press: ? - help, Shift-Dir - straight line, f/p - howler monkey
Aim: a howler monkey (moderately wounded, softly glowing)
You throw a tomahawk. The tomahawk hits the howler monkey.
The howler monkey is severely wounded.
The howler monkey hits you.
* * * LOW HITPOINT WARNING * * *
The howler monkey hoots and howls with incredible vigour!
You hear a shout!
You hear an angry hiss.
Throwing (i - inventory. (,) - cycle):
B - 2 tomahawks (quivered)
Press: ? - help, Shift-Dir - straight line, f/p - howler monkey
Aim: a howler monkey (severely wounded, softly glowing, catching its breath)
You throw a tomahawk. The tomahawk hits the howler monkey!
You kill the howler monkey!
You feel your dexterity returning.
The orc warrior throws a tomahawk.
The tomahawk hits you!!
* * * LOW HITPOINT WARNING * * *
An orc comes into view.
A worker ant comes into view.
The worker ant twitches its antennae in your direction.
The orc wizard points at you and mumbles some strange words.
The puff of frost hits you!
* * * LOW HITPOINT WARNING * * *
The orc warrior throws a tomahawk.
The tomahawk hits you.
You die...

#.#....##..##..##<
#.##.......##..##.
#.#####.##..............
..................#..##.
..>....................
###.###..#.[####..#.....
.a....#...........##....
#.....................
######+#@.....####.##..#.
#......(...........##..#.
#......(.##..#### #. #.
#........# ..# #.
#......(.. .... ..
#.....(#.##..#.# .#.
#.o.o..#.# .#.#
..o....#.# .....(. .#


You could see an orc warrior, a worker ant, an orc wizard and an orc
(wandering).

Vanquished Creatures
  An ogre (D:3)
  Blork the orc (D:4)
  A scorpion (D:5)
  A howler monkey (D:5)
  A quasit (D:4)
  A hound (D:5)
  An orc wizard (D:4)
  2 bullfrog skeletons
  2 orc priests (D:4)
  Jessica (D:2)
  Ijyb (D:3)
  Natasha (D:2)
  A hound zombie (D:5)
  6 adders
  An ooze (D:5)
  2 adder skeletons
  3 worms
  2 dart slugs
  8 leopard geckos
  8 orcs
  6 bats
  4 giant cockroaches
  5 goblins
  6 hobgoblins
  4 jackals
  3 quokkas
  A ball python skeleton (D:4)
  4 frilled lizards
  8 kobolds
  A leopard gecko skeleton (D:2)
  A leopard gecko zombie (D:2)
  2 quokka skeletons
  A quokka zombie (D:2)
  9 rats
100 creatures vanquished.

Notes
Turn   | Place    | Note
-------+----------+-------------------------------------------
     0 | D:1      | Amnesiac the Ogre Arcane Marksman began the quest for the Orb.
     0 | D:1      | Reached XP level 1. HP: 19/19 MP: 2/2
   353 | D:1      | Reached XP level 2. HP: 28/28 MP: 2/4
   426 | D:1      | Learned a level 2 spell: Slow
   775 | D:2      | Found a stormy altar of Qazlal.
   798 | D:2      | Reached XP level 3. HP: 21/36 MP: 1/6
   863 | D:2      | Reached skill level 3 in Throwing
   863 | D:2      | Reached XP level 4. HP: 35/44 MP: 2/7
   994 | D:2      | Found a hide-covered altar of Uskayaw.
   994 | D:2      | Found an ornate altar of the Wu Jian Council.
  1136 | D:2      | Learned a level 4 spell: Cause Fear
  1182 | D:2      | Noticed Jessica
  1183 | D:2      | Killed Jessica
  1445 | D:2      | Noticed Natasha
  1448 | D:2      | Killed Natasha
  1448 | D:2      | Reached XP level 5. HP: 50/52 MP: 5/8
  2364 | D:3      | Noticed Ijyb
  2370 | D:3      | Killed Ijyb
  2370 | D:3      | Reached skill level 4 in Throwing
  2608 | D:4      | Reached XP level 6. HP: 56/61 MP: 6/10
  2682 | D:4      | Noticed Blork the orc
  2685 | D:4      | Killed Blork the orc
  2885 | D:4      | Reached XP level 7. HP: 59/70 MP: 9/12
  2894 | D:4      | Reached skill level 5 in Throwing
  2937 | D:4      | Found a basalt altar of Yredelemnul.
  2959 | D:4      | Found a shattered altar of Ashenzari.
  3863 | D:5      | Entered Level 5 of the Dungeon
  4055 | D:5      | HP: 2/71 [orc wizard/puff of frost (11)]
  4055 | D:5      | Hit by a tomahawk thrown by an orc warrior

Vault maps used:
D:1:      dpeg_arrival_windows_large_door
D:2:      grunt_temple_overflow_open, serial_undead, serial_undead_d,
          serial_undead_f, serial_undead_b, serial_undead_d,
          grunt_qazlal_clouds, uniq_jessica, uniq_natasha
D:3:      first_bread, kennysheep_generic_room_5, uniq_ijyb
D:4:      kennysheep_goblin_castle, kennysheep_vampire_church, minitemple,
          uniq_blork_the_orc
D:5:      serial_shops, kennysheep_mini, portal_sewer_entry_a, minmay_liquid_box

Skill      XL: |  1  2  3  4  5  6  7 |
---------------+----------------------+-----
Fighting       | 2 3 4 |  4.7
Spellcasting   | 2 3 |  3.9
Hexes          | 3 4 |  4.2
Throwing       | 3 4 5 |  5.5
Dodging        | |  1.7

Action                   |  1- 3 |  4- 6 |  7- 9 || total
-------------------------+-------+-------+-------++-------
Melee: Unarmed           |    23 |       |       ||    23
       Spear             |    12 |       |       ||    12
 Fire: Hunting sling     |    60 |   210 |    58 ||   328
Throw: Large rock        |     1 |     8 |       ||     9
       Tomahawk          |       |     2 |    33 ||    35
 Cast: Corona            |    27 |    59 |    28 ||   114
       Slow              |     1 |     5 |     2 ||     8
  Eat: Chunk             |       |     8 |     2 ||    10
Armor: Robe              |    28 |    39 |    20 ||    87
Dodge: Dodged            |    50 |    77 |    30 ||   157

Table legend:
 A = Spawn XP
 B = Non-spawn XP
 C = Spawn XP percentage of total XP
 D = Spawn monster count
 E = Non-spawn monster count
 F = Spawn count percentage of total count
 G = Total turns spent on level
                    A         B        C        D         E        F      G
               +---------+---------+-------+---------+---------+-------+---------
         Total |       0 |    1005 |   0.0 |       0 |     100 |   0.0 |  4055
               +---------+---------+-------+---------+---------+-------+---------
           D:1 |       0 |      31 |   0.0 |       0 |      21 |   0.0 |   775
           D:2 |       0 |     149 |   0.0 |       0 |      18 |   0.0 |   910
           D:3 |       0 |     255 |   0.0 |       0 |      32 |   0.0 |  1011
           D:4 |       0 |     382 |   0.0 |       0 |      24 |   0.0 |  1167
           D:5 |       0 |     188 |   0.0 |       0 |       5 |   0.0 |   192
               +---------+---------+-------+---------+---------+-------+---------
